 Dungeon Crawl Stone Soup version 0.31-a0-704-g1016066182 (webtiles) character file.

Game seed: 12006761012340517154

117804 Conn the Thaumaturge (level 16, -2/107 HPs)
             Began as an Octopode Fire Elementalist on Sept 9, 2023.
             Was an Elder of Sif Muna.
             Slain by a bunyip (8 damage)
             ... on level 1 of the Swamp.
             The game lasted 01:58:00 (33302 turns).

Conn the Thaumaturge (Octopode Fire Elementalist)  Turns: 33302, Time: 01:58:00

Health: -2/107     AC:  9    Str:  8    XL:     16   Next: 75%
Magic:  16/31      EV: 15    Int: 30    God:    Sif Muna [****..]
Gold:   875        SH: 12    Dex:  9    Spells: 1/38 levels left

rFire   + + .        J - staff of cold
rCold   . . .        r - +1 buckler
rNeg    . . .        (helmet restricted)
rPois   .            n - amulet of reflection
rElec   +            i - ring of wizardry
rCorr   +            I - ring of wizardry
SInv    .            E - ring "Delasiy" {Fire +Blink rElec Will+++ Dex-4}
Will    +++++        M - +4 ring of protection
Stlth   ++++         O - +4 ring of protection
HPRegen 0.37/turn    V - ring of Poeven {rElec rF+ rCorr Int+6 Stlth-}
MPRegen 0.22/turn    (no ring)
                     (no ring)

%: reflection, clarity, wizardry (x2)
@: no status effects
A: almost no armour, amphibious, 8 rings, camouflage 1, gelatinous body 1,
nimble swimmer 1, tentacles, antennae 1, clarity, strong-willed 1, wild magic 1
a: Renounce Religion, Evoke Blink, Channel Magic, Forget Spell, Divine Exegesis


You were on level 1 of the Swamp.
You worshipped Sif Muna.
Sif Muna was greatly pleased with you.
You visited 5 branches of the dungeon, and saw 24 of its levels.
You also visited: Ossuary, Bailey and Volcano.

You collected 3638 gold pieces.
You spent 2763 gold pieces at shops.

Inventory:

Hand Weapons
 v - a +5 hand axe
 G - the +7 spear of Otauseiwk {flame, Int+5}
   (You took it off an orc warrior in a bailey)

   Int+5:     It affects your intelligence (+5).
 H - the +8 hand axe of Disaster {drain, rC- Will+ Dex+3}
   (You took it off a centaur on level 9 of the Dungeon)

   Dex+3:     It affects your dexterity (+3).
   rC-:       It makes you vulnerable to cold.
   Will+:     It increases your willpower.
 K - the +1 short sword of Starshine {drain, *Rage rN+ Str+3 Stlth+}
   (You found it on level 11 of the Dungeon)

   Str+3:     It affects your strength (+3).
   rN+:       It protects you from negative energy.
   *Rage:     It berserks you when you make melee attacks (+20% chance).
   Stlth+:    It makes you more stealthy.
 P - the +5 war axe of Zuefry {vamp, rElec}
   (You bought it in a shop on level 2 of the Orcish Mines)

   rElec:     It insulates you from electricity.
 Q - the +8 great sword of Ravage {heavy, Dex+3}
   (You bought it in a shop on level 2 of the Orcish Mines)

   Dex+3:     It affects your dexterity (+3).
Missiles
 e - 3 throwing nets
 W - 3 curare-tipped darts
Armour
 r - a +1 buckler (worn)
Magical Staves
 J - a staff of cold (weapon)
Jewellery
 h - an amulet of magic regeneration
 i - a ring of wizardry (left tentacle)
 n - an amulet of reflection (around mantle)
 E - the ring "Delasiy" (on tentacle) {Fire +Blink rElec Will+++ Dex-4}
   (You bought it in a shop on level 2 of the Orcish Mines)

   [ring of fire]

   Fire:      It enhances your fire magic.
   Dex-4:     It affects your dexterity (-4).
   rF+:       It protects you from fire.
   rC-:       It makes you vulnerable to cold.
   rElec:     It insulates you from electricity.
   Will+++:   It greatly increases your willpower.
   +Blink:    It lets you blink.
 I - a ring of wizardry (right tentacle)
 M - a +4 ring of protection (on tentacle)
 O - a +4 ring of protection (on tentacle)
 S - an amulet of the acrobat
 V - the ring of Poeven (on tentacle) {rElec rF+ rCorr Int+6 Stlth-}
   (You found it on level 5 of the Lair of Beasts)

   [ring of intelligence]

   Int+6:     It affects your intelligence (+6).
   rF+:       It protects you from fire.
   rElec:     It insulates you from electricity.
   rCorr:     It protects you from acid and corrosion.
   Stlth-:    It makes you less stealthy.
Wands
 g - a wand of light (15)
 m - a wand of mindburst (31)
 w - a wand of polymorph (3)
 A - a wand of paralysis (25)
 B - a wand of iceblast (10)
 C - a wand of flame (57)
Scrolls
 a - a scroll of torment
 c - 5 scrolls of fog
 f - 3 scrolls of amnesia
 j - 5 scrolls of vulnerability
 k - 4 scrolls of fear
 l - 2 scrolls of immolation
 q - a scroll of silence
 u - 5 scrolls of poison
 y - 3 scrolls of butterflies
 D - 4 scrolls of revelation
 F - 5 scrolls of enchant weapon
 L - 4 scrolls of teleportation
 N - a scroll of noise
 T - 3 scrolls of blinking
 Y - 6 scrolls of identify
Potions
 b - 4 potions of mutation
 o - 2 potions of invisibility
 p - 4 potions of might
 s - 7 potions of curing
 t - 3 potions of enlightenment
 x - a potion of haste
 z - 4 potions of attraction
 R - 6 potions of heal wounds
 U - 2 potions of lignification
 X - 2 potions of magic
 Z - a potion of brilliance
Miscellaneous
 d - a lightning rod (4/4)


   Skills:
 + Level 8.8 Fighting
 + Level 7.4 Polearms
 + Level 9.3 Dodging
 - Level 5.0 Stealth
 + Level 9.3 Shields
 * Level 11.8 Spellcasting
 + Level 10.9 Conjurations
 + Level 8.4 Hexes
 - Level 3.0 Summonings
 - Level 3.0 Transmutations
 + Level 9.3 Fire Magic
 + Level 8.2 Ice Magic
 - Level 3.2 Air Magic
 * Level 10.6 Invocations


You had one spell level left.
You knew the following spells:

 Your Spells              Type           Power      Damage    Failure   Level
a - Foxfire               Conj/Fire      100%       2x1d9     1%          1
b - Scorch                Fire           100%       2d9       1%          2
c - Inner Flame           Hex/Fire       95%        N/A       1%          3
d - Flame Wave            Conj/Fire      100%       2d21      1%          4
e - Irradiate             Conj/Tmut      33%        3d22      2%          5
f - Freezing Cloud        Conj/Ice/Air   44%        6-21      2%          5
g - Fireball              Conj/Fire      50%        3d20      1%          5
h - Summon Small Mammal   Summ           100%       N/A       1%          1
i - Frozen Ramparts       Ice            100%       1d16      1%          3
j - Metabolic Englaciati  Hex/Ice        46%        N/A       1%          5
k - Summon Guardian Gole  Hex/Summ       61%        N/A       1%          3

Your spell library contained the following spells:

 Spells                   Type           Power      Damage    Failure   Level
 Sting                    Tmut/Pois      100%       1d8       1%          1
 Cigotuvi's Dreadful Rot  Necr/Pois/Air  62%        N/A       1%          2
 Ensorcelled Hibernation  Hex/Ice        100%       N/A       1%          2
 Jinxbite                 Hex            100%       N/A       1%          2
 Poisonous Vapours        Pois/Air       70%        N/A       1%          2
 Wereblood                Tmut           46%        N/A       1%          2
 Call Canine Familiar     Summ           46%        N/A       1%          3
 Dazzling Flash           Conj/Hex       100%       N/A       1%          3
 Ignite Poison            Fire/Tmut/Pois 70%        N/A       1%          3
 Volatile Blastmotes      Fire/Tloc      100%       2d18      1%          3
 Sublimation of Blood     Necr           23%        N/A       2%          2
 Arcjolt                  Conj/Air       34%        1d44      2%          5
 Anguish                  Hex/Necr       27%        N/A       3%          4
 Yara's Violent Unravell  Hex/Tmut       30%        3d13      4%          5
 Starburst                Conj/Fire      50%        6d14      4%          6
 Vhi's Electric Charge    Tloc/Air       70%        N/A       8%          4
 Petrify                  Tmut/Erth      34%        N/A       9%          4
 Olgreb's Toxic Radiance  Pois           23%        N/A       13%         4
 Plasma Beam              Fire/Air       41%        2x1d55    16%         6
 Ozocubu's Refrigeration  Ice            46%        4d17      34%         7
 Ignition                 Fire           48%        3d14      82%         8
 Summon Hydra             Summ           23%        N/A       93%         7
 Maxwell's Capacitive Co  Air            24%        ∞         100%        8
 Fire Storm               Conj/Fire      50%        8d13      100%        9
 Polar Vortex             Ice            46%        12d6*     100%        9


Dungeon Overview and Level Annotations

Branches:
Dungeon (15/15)            Temple (1/1) D:6            Lair (5/5) D:8
  Swamp (1/4) Lair:3        Snake (0/4) Lair:2        Slime (0/5) Lair:5
    Orc (2/2) D:10            Elf (0/3) Orc:2        Vaults (0/5) D:13
 Depths (0/4) D:15        Ossuary (visited)          Bailey (visited)
Volcano (visited)

Altars:
Ashenzari
Cheibriados
Dithmenos
Elyvilon
Fedhas
Gozag
Hepliaklqana
Kikubaaqudgha
Makhleb
Nemelex Xobeh
Okawaru
Qazlal
Ru
Sif Muna
Trog
Uskayaw
Vehumet
Wu Jian
Xom
Yredelemnul
Zin
The Shining One
Jiyva

Shops:
D:1 (   D:5 [   Orc:1 *   Orc:2 *=(![

Portals:
Trove: D:15 (give 16 potions of curing)

Annotations:
D:7 2 transporters
Lair:4 2 transporters


Innate Abilities, Weirdness & Mutations

You cannot wear most types of armour.
You are amphibious.
You can wear up to eight rings at the same time.
Your skin changes colour to match your surroundings (Stealth+).
Your rubbery body absorbs attacks. (AC +1, EV +1)
You are camouflaged when in or above water. (Stealth+)
You have tentacles for arms and can constrict up to eight enemies at once.
You have a pair of small antennae on your head.
You possess an exceptional clarity of mind.
You are strong-willed. (Will+)
Your spells are a little harder to cast, but a little more powerful.


Message History

Confirm with . or Enter, or press ? or * to list all spells.
You feel a surge of power!
You conjure some foxfire!
The foxfire hits the bunyip!
The bunyip is lightly wounded.
The foxfire hits the bunyip but does no damage.
The bunyip is lightly wounded.
Your foxfire dissipates!
Casting: Foxfire (safe; 1% risk of failure)
Confirm with . or Enter, or press ? or * to list all spells.
You feel a surge of power!
Flames lash the bunyip but do no damage.
Your foxfire dissipates!
The foxfire hits the bunyip but does no damage.
The bunyip is lightly wounded.
The foxfire hits the bunyip but does no damage.
The bunyip is lightly wounded.
The bunyip claws you!! You block the bunyip's attack. The bunyip claws you!
Casting: Scorch (safe; 1% risk of failure)
Confirm with . or Enter, or press ? or * to list all spells.
Casting: Flame Wave (safe; 1% risk of failure)
Press: ? - help, Dir - look around, f - activate You feel a surge of power!
A wave of flame ripples out!
The flame wave engulfs the bunyip!
The bunyip is moderately wounded.
The mangrove smoulders and burns. (Press . to intensify the flame waves.) Unknown command.
A wave of flame ripples out!
The flame wave engulfs the bunyip!!
The bunyip is severely wounded.
The mangrove smoulders and burns.
Unknown command.
A wave of flame ripples out!
The flame wave engulfs the bunyip.
The bunyip is severely wounded.
The mangrove smoulders and burns.
You smell burning wood.
You finish channelling waves of flame.
The bunyip is engulfed in a cloud of scalding steam.
The bunyip claws you!!! The bunyip claws you!!
* * * LOW HITPOINT WARNING * * *
The bunyip claws you!
You die...

.♣. ~... .... ~~~
♣♣♣♣♣♣ . ♣♣§♣§§§§§♣
♣.♣.~§§§§§§♣
.~~..§x§§§§♣
...~.§§@.§§♣
~~..§§§§§☼§♣♣♣♣♣♣ ♣
~~§§.§§§§...~♣~~♣..~♣
#.♣~.~~§§§§~.§.......
♣♣♣~...~~......~..♣♣♣♣
♣~.~~~§§...~....~♣♣~
♣~~..~§§~§~~~~~..♣♣.
♣♣....~§~~~~~~~....~
♣♣.~~~~~~~~~§~~.~.§


You could see a bunyip.

Vanquished Creatures
  Jorgrun (D:13)
  Rupert (D:12)
  An acid blob (Lair:5)
  Louise (Swamp:1)
  An ironbound thunderhulk (D:13)
  Nessos (D:12)
  A red draconian (Volcano)
  An ettin (Orc:1)
  5 hydras
  Harold (Orc:1)
  A ghost crab (Swamp:1)
  4 catoblepae
  The ghost of JavaGenius the Marksfrog, a journeyman BaHu of Hepliaklqana (D:11)
  4 centaur warriors
  2 alligators (Swamp:1)
  A dancing weapon (D:11)
  2 tengu warriors
  A boulder beetle (Lair:1)
  15 death yaks
  4 orc high priests
  6 two-headed ogres
  2 skeletal warriors (D:13)
  Sonja (D:13)
  A fire crab (Lair:5)
  A salamander mystic (Volcano)
  A goliath frog (Swamp:1)
  A swamp dragon (Swamp:1)
  An orb spider (shapeshifter) (D:13)
  2 wizards (D:15)
  Pikel (D:5)
  5 orc knights
  A necromancer (D:15)
  2 deep elf pyromancers (D:15)
  6 manticores
  4 orc sorcerers
  13 ugly things
  3 salamanders (Volcano)
  5 cyclopes
  Maurice (Orc:1)
  3 black mambas
  A centaur zombie (D:15)
  3 elephants (Lair:4)
  An ice statue (D:14)
  A naga mage (D:15)
  18 cane toads
  A centaur skeleton (D:15)
  A gargoyle (D:12)
  A torpor snail (shapeshifter) (D:13)
  Jeremiah (D:6)
  A freezing wraith (D:15)
  7 rime drakes
  7 komodo dragons
  2 tengu conjurers
  2 kobold demonologists
  A bloated husk (Swamp:1)
  7 trolls
  8 tyrant leeches
  4 hornets
  A raiju (shapeshifter) (D:15)
  25 blink frogs
  8 slime creatures (D:12)
  2 shadows
  Sigmund (D:5)
  10 wyverns
  2 spriggans (Swamp:1)
  42 yaks
  8 fire bats (Volcano)
  4 humans (D:13)
  6 wraiths
  5 hogs (D:13)
  A steam dragon (D:8)
  9 vampire mosquitoes
  7 basilisks
  4 wargs
  3 nagas (Lair:2)
  4 swamp worms
  2 acid dragons
  15 water moccasins
  A hell hound (D:14)
  A meliai simulacrum (D:15)
  A swamp drake (Swamp:1)
  An ice beast (D:5)
  34 orc warriors
  A sky beast (D:6)
  4 black bears
  2 ogres
  17 wolves
  15 centaurs
  A lemure (D:6)
  Blork the orc (D:5)
  12 bullfrogs
  2 gnoll sergeants
  3 scorpions
  13 wights
  25 killer bees
  2 howler monkeys
  8 electric eels
  8 lava snakes (Volcano)
  7 hounds
  16 orc priests
  A gnoll bouda (D:5)
  2 jellies
  An iron imp (D:3)
  An iguana (D:7)
  21 orc wizards
  11 hell rats (D:14)
  A boggart simulacrum (D:15)
  21 gnolls
  3 adders
  A shadow imp (D:5)
  A worm (D:2)
  A dart slug (D:1)
  98 orcs
  5 ball pythons
  8 endoplasms
  A giant cockroach (D:1)
  8 goblins
  11 hobgoblins
  3 jackals (D:2)
  3 quokkas
  12 bats
  2 frilled lizards
  A hobgoblin zombie (Ossuary)
  10 kobolds
  3 kobold zombies (Ossuary)
  2 orc skeletons (Ossuary)
  2 orc zombies (Ossuary)
  3 rats
747 creatures vanquished.

Vanquished Creatures (collateral kills)
  5 foxfires
5 creatures vanquished.

Vanquished Creatures (others)
  Kirke (D:13)
  An orc warlord (Orc:2)
  A vault guard (D:13)
  A hydra (D:14)
  An ogre mage (D:13)
  A centaur warrior (D:15)
  A two-headed ogre (D:13)
  A boulder beetle (D:14)
  2 skeletal warriors (D:13)
  2 orc knights
  A wolf spider (D:15)
  A cyclops (D:13)
  A komodo dragon (Lair:1)
  A troll (D:13)
  A slime creature (Lair:5)
  A shadow (D:12)
  A wyvern (D:14)
  An ogre (Orc:2)
  2 orcs (Orc:1)
  1652 foxfires
1674 creatures vanquished.

Grand Total: 2426 creatures vanquished

Notes
Turn   | Place    | Note
-------+----------+-------------------------------------------
     0 | D:1      | Conn the Octopode Fire Elementalist began the quest for the
                  | Orb.
     0 | D:1      | Reached XP level 1. HP: 11/11 MP: 3/3
   246 | D:1      | Reached XP level 2. HP: 17/17 MP: 0/5
   312 | D:1      | Learned a level 2 spell: Scorch
   442 | D:1      | Found Wic Lep's Antique Weapon Shop.
  1131 | D:2      | Reached XP level 3. HP: 20/21 MP: 6/6
  1136 | D:2      | Learned a level 3 spell: Inner Flame
  1934 | D:3      | Reached XP level 4. HP: 27/27 MP: 5/7
  2040 | D:3      | Found a snail-covered altar of Cheibriados.
  2242 | D:3      | Reached XP level 5. HP: 20/31 MP: 6/9
  2339 | D:4      | Reached skill level 3 in Spellcasting
  2403 | D:4      | Noticed an ogre
  2408 | D:4      | Killed an ogre
  2409 | D:4      | Reached XP level 6. HP: 35/36 MP: 4/11
  2868 | D:3      | You fall into a shaft and drop 2 floors!
  2868 | D:5      | Entered Level 5 of the Dungeon
  2876 | D:5      | Noticed Sigmund
  2880 | D:5      | Killed Sigmund
  2881 | D:5      | Reached XP level 7. HP: 41/41 MP: 9/12
  2891 | D:5      | Reached skill level 4 in Spellcasting
  2930 | D:5      | Learned a level 4 spell: Flame Wave
  2959 | D:5      | Reached skill level 5 in Stealth
  2970 | D:5      | Noticed Blork the orc
  2980 | D:5      | Killed Blork the orc
  3048 | D:5      | Reached skill level 1 in Hexes
  3050 | D:5      | Reached skill level 1 in Fighting
  3053 | D:5      | Reached skill level 1 in Shields
  3053 | D:5      | Reached XP level 8. HP: 31/48 MP: 5/14
  3230 | D:5      | Found Laym's Antique Armour Boutique.
  3265 | D:6      | Gained mutation: You occasionally lose the ability to read
                  | scrolls when taking damage. [potion of mutation]
  3265 | D:6      | Gained mutation: You are clumsy. (Dex -2) [potion of
                  | mutation]
  3265 | D:6      | Gained mutation: Your muscles are strong. (Str +4, Int/Dex
                  | -1) [potion of mutation]
  3265 | D:6      | Gained mutation: You are partially covered in iridescent
                  | scales. (AC +2) [potion of mutation]
  3271 | D:6      | Noticed Jeremiah
  3273 | D:6      | Reached skill level 5 in Spellcasting
  3273 | D:6      | Reached skill level 5 in Conjurations
  3357 | D:5      | Noticed Pikel
  3366 | D:5      | Killed Pikel
  3367 | D:5      | Reached skill level 5 in Fire Magic
  3367 | D:5      | Reached XP level 9. HP: 55/55 MP: 7/17
  3720 | D:6      | Found a staircase to the Ecumenical Temple.
  3912 | D:6      | Found a sand-covered staircase.
  3918 | Ossuary  | Entered an ossuary
  4001 | Ossuary  | Reached skill level 6 in Spellcasting
  4436 | D:6      | Killed Jeremiah
  4437 | D:6      | Reached skill level 5 in Dodging
  4491 | D:6      | Learned a level 5 spell: Irradiate
  4518 | D:6      | Found a stormy altar of Qazlal.
  4534 | D:6      | Lost mutation: You are partially covered in iridescent
                  | scales. (AC +2) [potion of mutation]
  4534 | D:6      | Lost mutation: Your muscles are strong. (Str +4, Int/Dex
                  | -1) [potion of mutation]
  4534 | D:6      | Gained mutation: You are dopey. (Int -2) [potion of
                  | mutation]
  4534 | D:6      | Lost mutation: You are clumsy. (Dex -2) [potion of
                  | mutation]
  4535 | D:6      | Lost mutation: You occasionally lose the ability to read
                  | scrolls when taking damage. [potion of mutation]
  4535 | D:6      | Lost mutation: You are dopey. (Int -2) [potion of mutation]
  4535 | D:6      | Gained mutation: You are frail. (-10% HP) [potion of
                  | mutation]
  4535 | D:6      | Gained mutation: Your mind is acute. (Int +4, Str/Dex -1)
                  | [potion of mutation]
  4553 | D:6      | Reached XP level 10. HP: 56/56 MP: 16/19
  4721 | D:6      | Reached skill level 1 in Transmutations
  5335 | D:7      | Found a transporter.
  5342 | D:7      | Found a transporter.
  5371 | D:7      | Learned a level 5 spell: Freezing Cloud
  5655 | D:7      | Noticed a toenail golem
  5775 | D:7      | Noticed a hell hog
  5929 | D:8      | Found a staircase to the Lair.
  6037 | D:8      | Identified the +8 chain mail of Pilab {SInv}
  6225 | D:8      | Found a flagged portal.
  6314 | Bailey   | Entered a bailey
  6695 | Bailey   | Reached skill level 1 in Air Magic
  6731 | Bailey   | Identified the +7 spear of Otauseiwk {flame, Int+5}
  6789 | Bailey   | Noticed an orc knight
  6789 | Bailey   | Noticed an orc knight
  6799 | Bailey   | Killed an orc knight
  6800 | Bailey   | Reached skill level 1 in Ice Magic
  6866 | Bailey   | Killed an orc knight
  6867 | Bailey   | Reached skill level 7 in Spellcasting
  7095 | Bailey   | Noticed an orc sorcerer
  7098 | Bailey   | Noticed a rust devil
  7104 | Bailey   | Killed an orc sorcerer
  7142 | Bailey   | Noticed a kobold demonologist
  7326 | Bailey   | Reached skill level 5 in Shields
  7506 | Bailey   | Acquired 1231 gold pieces
  7518 | Bailey   | Found an iron altar of Okawaru.
  7620 | Bailey   | Killed a kobold demonologist
  7621 | Bailey   | Reached XP level 11. HP: 63/63 MP: 9/21
  7792 | D:8      | Learned a level 3 spell: Summon Guardian Golem
  7794 | D:8      | Learned a level 1 spell: Summon Small Mammal
  7925 | D:8      | Found a sparkling altar of Nemelex Xobeh.
  7930 | D:8      | Found a glowing silver altar of Zin.
  7930 | D:8      | Found a white marble altar of Elyvilon.
  7939 | D:8      | Found a hazy altar of Hepliaklqana.
  7941 | D:8      | Found an ornate altar of the Wu Jian Council.
  8487 | D:9      | Reached skill level 1 in Polearms
  9027 | D:9      | Identified the +8 hand axe of Disaster {drain, rC- Will+
                  | Dex+3}
  9219 | D:10     | Entered Level 10 of the Dungeon
  9287 | D:10     | Identified the +1 cloak "Fouzakhlyof" {+Inv rPois Int+3}
  9335 | D:10     | Found a staircase to the Orcish Mines.
 10038 | Temple   | Entered the Ecumenical Temple
 10045 | Temple   | Became a worshipper of Sif Muna the Loreminder
 10602 | D:11     | Reached skill level 1 in Summonings
 10752 | D:11     | Reached skill level 1 in Invocations
 10870 | D:11     | Found a runed translucent door.
 10871 | D:11     | Found a shimmering altar of Xom.
 10871 | D:11     | Noticed JavaGenius's ghost (journeyman BaHu)
 10872 | D:11     | Noticed a +1 hand axe of chaos
 10897 | D:11     | Noticed a two-headed ogre
 10901 | D:11     | Killed a two-headed ogre
 11280 | D:11     | Killed a +1 hand axe of chaos
 11281 | D:11     | Reached skill level 5 in Fighting
 11287 | D:11     | Killed JavaGenius's ghost
 11295 | D:11     | Identified the +1 short sword of Starshine {drain, *Rage
                  | rN+ Str+3 Stlth+}
 11418 | D:12     | Noticed Rupert
 11428 | D:12     | Killed Rupert
 11429 | D:12     | Reached XP level 12. HP: 40/69 MP: 15/23
 11431 | D:12     | Gained mutation: You are vulnerable to cold. (rC-)
                  | [mutagenic glow]
 11437 | D:12     | Reached skill level 8 in Spellcasting
 11437 | D:12     | Reached skill level 5 in Hexes
 11693 | D:12     | Reached * piety under Sif Muna
 11882 | D:12     | Noticed Nessos
 11893 | D:12     | Killed Nessos
 12569 | D:13     | Noticed Kirke
 12964 | D:13     | Noticed a centaur warrior
 13209 | D:13     | Killed Kirke
 13446 | Orc:1    | Entered Level 1 of the Orcish Mines
 13453 | Orc:1    | Noticed an orc high priest
 13453 | Orc:1    | Noticed Maurice
 13454 | Orc:1    | Killed an orc high priest
 13458 | Orc:1    | Killed Maurice
 13805 | Orc:1    | Reached ** piety under Sif Muna
 14137 | Orc:2    | Entered Level 2 of the Orcish Mines
 14377 | Orc:2    | Noticed an orc high priest
 14408 | Orc:2    | Noticed a sun demon
 14526 | Orc:1    | Learned a level 3 spell: Ignite Poison
 14548 | Orc:2    | Killed an orc high priest
 14568 | Orc:2    | Reached XP level 13. HP: 43/74 MP: 2/25
 14726 | Orc:2    | Found Ziaqog's General Store.
 14771 | Orc:2    | Reached skill level 5 in Invocations
 15328 | Orc:2    | Found Jemis's Jewellery Boutique.
 15360 | Orc:2    | Reached skill level 9 in Spellcasting
 15361 | Orc:2    | Noticed an orc warlord
 15503 | Orc:2    | Killed an orc warlord
 16254 | Orc:2    | Reached skill level 5 in Ice Magic
 16279 | Orc:2    | Reached *** piety under Sif Muna
 16473 | Orc:2    | Bought the ring "Delasiy" {Fire +Blink rElec Will+++ Dex-4}
                  | for 852 gold pieces
 16473 | Orc:2    | Bought a +4 ring of protection for 468 gold pieces
 16473 | Orc:2    | Bought a +4 ring of protection for 468 gold pieces
 16530 | Orc:2    | Found a staircase to the Elven Halls.
 16628 | Orc:2    | Found Qumoloc's Antique Armour Shoppe.
 16646 | Orc:2    | Found Karaqoang's Distillery.
 16646 | Orc:2    | Found Duginaot's Antique Weapon Shop.
 16657 | Orc:2    | Bought a steaming war axe for 255 gold pieces
 16657 | Orc:2    | Identified the +5 war axe of Zuefry {vamp, rElec} (You
                  | bought it in a shop on level 2 of the Orcish Mines)
 16657 | Orc:2    | Bought a twisted great sword for 345 gold pieces
 16657 | Orc:2    | Identified the +8 great sword of Ravage {heavy, Dex+3} (You
                  | bought it in a shop on level 2 of the Orcish Mines)
 17097 | D:1      | Bought a crystal executioner's axe for 375 gold pieces
 17097 | D:1      | Identified the +4 executioner's axe of Mylel {drain, rC-
                  | Str+4} (You bought it in a shop on level 1 of the Dungeon)
 17287 | Orc:1    | Noticed Harold
 17294 | Orc:1    | Killed Harold
 17458 | Orc:1    | You fall into a shaft and drop 1 floor!
 17489 | Orc:1    | Noticed an ettin
 17509 | Orc:1    | Killed an ettin
 17668 | Orc:1    | Found Qutivys's Gadget Gallery.
 17837 | Lair:1   | Entered Level 1 of the Lair of Beasts
 18483 | Lair:1   | Reached XP level 14. HP: 45/81 MP: 20/27
 18787 | Lair:1   | Reached **** piety under Sif Muna
 19289 | Lair:1   | Learned a level 5 spell: Metabolic Englaciation
 19785 | Lair:2   | Reached skill level 5 in Polearms
 19813 | Lair:2   | Found a staircase to the Snake Pit.
 20992 | Lair:3   | Reached skill level 10 in Spellcasting
 21271 | Lair:3   | Reached ***** piety under Sif Muna
 21450 | Lair:3   | Found a staircase to the Swamp.
 22712 | Lair:4   | Reached skill level 10 in Conjurations
 22981 | Lair:4   | Received a gift from Sif Muna
 22986 | Lair:4   | Got Sif Muna's Papyrus of the Puffball {god gift}
 23856 | Lair:4   | Found a transporter.
 23858 | Lair:4   | Found a transporter.
 23955 | Lair:5   | Entered Level 5 of the Lair of Beasts
 23973 | Lair:5   | Found a runed translucent door.
 23973 | Lair:5   | Found a viscous altar of Jiyva.
 23978 | Lair:5   | Found a staircase to the Slime Pits.
 23978 | Lair:5   | Noticed an acid blob
 24346 | Lair:5   | Reached XP level 15. HP: 73/87 MP: 6/29
 24350 | Lair:5   | Found a dark tunnel.
 24357 | Volcano  | Entered a volcano
 24472 | Volcano  | Learned a level 3 spell: Frozen Ramparts
 24526 | Volcano  | Gained mutation: Potions are less effective at restoring
                  | your health. [mutagenic glow]
 24762 | Volcano  | Lost mutation: Your mind is acute. (Int +4, Str/Dex -1)
                  | [potion of mutation]
 24762 | Volcano  | Lost mutation: You are frail. (-10% HP) [potion of
                  | mutation]
 24762 | Volcano  | Lost mutation: Potions are less effective at restoring your
                  | health. [potion of mutation]
 24762 | Volcano  | Gained mutation: You are dopey. (Int -2) [potion of
                  | mutation]
 24763 | Volcano  | Lost mutation: You are dopey. (Int -2) [potion of mutation]
 24763 | Volcano  | Lost mutation: You are vulnerable to cold. (rC-) [potion of
                  | mutation]
 24763 | Volcano  | Gained mutation: Your natural rate of healing is unusually
                  | fast. [potion of mutation]
 24763 | Volcano  | Gained mutation: You occasionally lose the ability to drink
                  | potions when taking damage. [potion of mutation]
 24763 | Volcano  | Gained mutation: You are strong-willed. (Will+) [potion of
                  | mutation]
 24764 | Volcano  | Lost mutation: You occasionally lose the ability to drink
                  | potions when taking damage. [potion of mutation]
 24764 | Volcano  | Lost mutation: Your natural rate of healing is unusually
                  | fast. [potion of mutation]
 24764 | Volcano  | Gained mutation: You have a pair of small antennae on your
                  | head. [potion of mutation]
 24764 | Volcano  | Gained mutation: You possess an exceptional clarity of
                  | mind. [potion of mutation]
 24764 | Volcano  | Gained mutation: Your spells are a little harder to cast,
                  | but a little more powerful. [potion of mutation]
 24850 | Volcano  | Found a bloodstained altar of Trog.
 25659 | Lair:5   | Found a sparkling altar of Nemelex Xobeh.
 26242 | Lair:5   | Received a gift from Sif Muna
 26417 | Lair:5   | Got Sif Muna's Vellum of Igneous Execration {god gift}
 26470 | Lair:5   | Identified the ring of Poeven {rElec rF+ rCorr Int+6
                  | Stlth-}
 26703 | Lair:5   | Killed an acid blob
 26982 | D:13     | Noticed Jorgrun
 27083 | D:13     | Killed Jorgrun
 27341 | D:13     | Reached skill level 11 in Spellcasting
 27651 | D:13     | Noticed Sonja
 27655 | D:13     | Killed Sonja
 28548 | D:13     | Reached XP level 16. HP: 89/105 MP: 15/31
 28860 | D:13     | Found a gate to the Vaults.
 29196 | D:14     | You fall into a shaft and drop 1 floor!
 29196 | D:15     | Entered Level 15 of the Dungeon
 29212 | D:15     | Found a portal to a secret trove of treasure.
 29446 | D:15     | Reached skill level 10 in Invocations
 29983 | D:14     | Learned a level 5 spell: Fireball
 30048 | D:14     | Found a hazy altar of Hepliaklqana.
 31123 | D:15     | Found a sacrificial altar of Ru.
 31409 | D:15     | Found an ornate altar of the Wu Jian Council.
 31899 | D:15     | Found a staircase to the Depths.
 32511 | Swamp:1  | Entered Level 1 of the Swamp
 33086 | Swamp:1  | Noticed Louise
 33097 | Swamp:1  | Killed Louise
 33302 | Swamp:1  | Slain by a bunyip

Illustrated notes

Levels and vault maps discovered:
D:1:      psy_arrival_conway, layout_basic, serial_shops, shop
D:2:      layout_loops_ring, serial_rivers, chequers_serial_rivers_marsh,
          chequers_serial_rivers_large_a, chequers_serial_rivers_room_b,
          chequers_serial_rivers_micro_a, kennysheep_cross_room,
          skrybe_limestone_x, chequers_serial_rivers_micro_e
D:3:      layout_rooms, slow_altar_2
D:4:      layout_basic, kennysheep_nub, minmay_misc_feat_secret_circle
D:5:      layout_cave_pools, serial_shops, shop, grunt_ministairs_1,
          uniq_blork_the_orc, uniq_sigmund, uniq_pikel
D:6:      layout_loops_ring, nicolae_qazlal_style_of_elements,
          minmay_temple_entry_wispy, nicolae_ossuary_entry_plus, uniq_jeremiah
D:7:      layout_cave_pools, gammafunk_ghost_abyssal_escape
D:8:      layout_loops_ring, minmay_overflow_temple_star_hex, lair_entry_dummy,
          enter_bailey_6
D:9:      layout_loops_ring
D:10:     layout_irregular_city, hiddenorc2_lemuel, grunt_decor_cap,
          serial_bayou_pond_b, minmay_misc_feat_iff
D:11:     layout_roguey, ebering_ghost_xom
D:12:     layout_long_grid, st_stairs_7, uniq_nessos, uniq_rupert
D:13:     layout_loops_ring, hellmonk_vaults_keyhole, uniq_kirke, uniq_jorgrun,
          uniq_sonja
D:14:     layout_roguey, portal_ice_cave_entry_ice_statue_one,
          lemuel_round_altar, special_room [special_room_mythical_zoo]
D:15:     grunt_enter_depths_magical_seal, layout_loops_ring,
          trove_entry_hex_spiral, nicolae_ru_sacrificial_ziggurat,
          nzn_wu_jian_council_hall
Temple:   hellmonk_temple_two_chambers
Lair:1:   layout_misc_corridors, minivault_27, roderic_batcave,
          nzn_sisyphean_effort
Lair:2:   layout_gridlike, nicolae_snake_entry_squirm, serial_bayou_shore_a
Lair:3:   layout_chaotic_city, minmay_swamp_entry_worms
Lair:4:   gammafunk_boulding_lane, layout_cave_pods
Lair:5:   evilmike_catoblepas_cave, layout_gridlike, slime_entry_2, basic_altar,
          lightli_volcano_entry_magma_tube
Swamp:1:  layout_basic_swamp, serial_swamp_ruin, hangedman_swamp_ruin_hall,
          evilmike_swamp_ruin_house_6, evilmike_swamp_ruin_house_4, uniq_louise
Orc:1:    layout_caves, nicolae_shop_gadgets, uniq_harold, uniq_maurice
Orc:2:    grunt_orc_gardens, layout_caves, grunt_orc_garden, grunt_orc_garden,
          grunt_orc_garden, grunt_orc_garden, serial_shops, shop,
          lightli_orcish_oven

Skill      XL: |  1  2  3  4  5  6  7  8  9 10 11 12 13 14 15 16 |
---------------+-------------------------------------------------+-----
Stealth        | 3 4 5 |  5.0
Conjurations   | 2 3 4 5 6 7 8 9 10 | 10.9
Spellcasting   | 3 4 5 6 7 8 9 10 11 | 11.8
Dodging        | 3 4 5 6 7 8 9 |  9.3
Fire Magic     | 4 5 6 7 8 9 |  9.3
Hexes          | 1 2 3 4 5 6 7 8 |  8.4
Fighting       | 1 2 3 4 5 6 7 8 |  8.8
Shields        | 1 2 3 5 6 7 8 9 |  9.3
Transmutations | 3 |  3.0
Air Magic      | 1 2 3 |  3.2
Ice Magic      | 1 2 4 6 7 8 |  8.2
Polearms       | 2 3 4 5 6 7 |  7.4
Summonings     | 1 3 |  3.0
Invocations    | 2 4 6 8 9 10 | 10.6

Action                     |  1- 3 |  4- 6 |  7- 9 | 10-12 | 13-15 | 16-18 || total
---------------------------+-------+-------+-------+-------+-------+-------++-------
  Melee: Unarmed           |    23 |    14 |    49 |     1 |       |       ||    87
         Constrict         |     7 |     2 |    10 |    17 |    14 |     4 ||    54
         Tentacles         |     6 |     6 |    11 |    15 |    13 |     4 ||    55
         Hand axe          |       |       |     6 |    39 |       |       ||    45
         Punch             |       |       |     1 |       |       |       ||     1
         Spear             |       |       |       |    46 |     3 |       ||    49
         Staff             |       |       |       |       |    56 |    10 ||    66
   Cast: Foxfire           |    62 |    57 |    83 |   270 |   337 |   129 ||   938
         Scorch            |       |     1 |    25 |    98 |   241 |    91 ||   456
         Inner Flame       |       |     1 |     2 |    23 |    56 |    30 ||   112
         Flame Wave        |       |       |    21 |    39 |    96 |    18 ||   174
         Freezing Cloud    |       |       |       |     4 |     5 |     4 ||    13
         Irradiate         |       |       |       |     7 |    19 |       ||    26
         Summon Guardian G |       |       |       |     8 |    28 |    29 ||    65
         Summon Small Mamm |       |       |       |     5 |     3 |       ||     8
         Metabolic Englaci |       |       |       |       |    12 |     6 ||    18
         Frozen Ramparts   |       |       |       |       |     6 |     2 ||     8
         Fireball          |       |       |       |       |       |    12 ||    12
 Invoke: Channel Magic     |       |       |       |     1 |    11 |     4 ||    16
  Evoke: Wand              |       |       |       |     3 |     5 |       ||     8
         Lightning rod     |       |       |       |     1 |     2 |       ||     3
    Use: Potion            |       |       |     9 |    12 |    10 |       ||    31
         Scroll            |       |       |       |    19 |     8 |     1 ||    28
   Stab: Sleeping          |     2 |       |     6 |     2 |     1 |       ||    11
 Armour: Skin              |    14 |    15 |    60 |   116 |   206 |    50 ||   461
  Dodge: Dodged            |    16 |    15 |    47 |    90 |   140 |    27 ||   335
  Block: Other             |       |       |       |    12 |       |       ||    12
         Buckler           |       |       |       |    37 |   157 |    35 ||   229
         Reflection        |       |       |       |     7 |    15 |     8 ||    30

Table legend: (Time is in decaauts)
 A = Elapsed time spent in this place.
 B = Non-inter-level travel time spent in this place.
 C = Inter-level travel time spent in this place.
 D = Time resting spent in this place.
 E = Time spent auto-exploring this place.
 F = Levels seen in this place.
 G = Mean time per level.
                   A        B        C        D        E       F      G
               +--------+--------+--------+--------+--------+-----+--------+
         Total |  33332 |  31887 |   1445 |   4181 |  19852 |  27 | 1234.5 |
       Dungeon |  17704 |  16556 |   1148 |   2098 |  10150 |  15 | 1180.3 |
        Temple |     15 |     15 |      0 |      0 |      0 |   1 |   15.0 |
          Lair |   8500 |   8265 |    235 |    524 |   6222 |   5 | 1700.0 |
         Swamp |    790 |    790 |      0 |    169 |    460 |   1 |  790.0 |
  Orcish Mines |   3730 |   3670 |     60 |    770 |   2031 |   2 | 1865.0 |
       Ossuary |    494 |    494 |      0 |     30 |    230 |   1 |  494.0 |
        Bailey |   1452 |   1452 |      0 |    301 |    651 |   1 | 1452.0 |
       Volcano |    642 |    642 |      0 |    288 |    108 |   1 |  642.0 |
               +--------+--------+--------+--------+--------+-----+--------+

Top non-repeatable levels by time:
   Orc:2: 2297 daAuts
  Lair:5: 2238 daAuts
    D:13: 2054 daAuts
    D:14: 1839 daAuts
  Lair:2: 1789 daAuts
  Lair:1: 1737 daAuts
    D:12: 1642 daAuts
    D:15: 1595 daAuts
  Lair:4: 1489 daAuts
  Bailey: 1452 daAuts
   Orc:1: 1433 daAuts
    D:10: 1351 daAuts
    D:11: 1277 daAuts
  Lair:3: 1245 daAuts
     D:9: 1223 daAuts
